PIO
SEATTLE (RK+) MARINERS @ GRAND JUNCTION ROCKIES
08/06/2099
 
TOP OF THE 1ST
Seattle (Rk+) Mariners batting - Pitching for Grand Junction Rockies : RHP Josh Hatmaker
Pitching: RHP Josh Hatmaker
Batting: RHB Frank Gregg 0-0: Ball
1-0: Swinging Strike
1-1: Ball
2-1: Swinging Strike
2-2: Foul Ball, location: 2F
2-2: Ball
3-2: Base on Balls
Batting: LHB Carlos Garcia 0-0: Foul Ball, location: 5FF
0-1: SINGLE (Groundball, 34D, EV 95.6 MPH)
Frank Gregg to second
Runner from 2nd tries for 3rd, SAFE, no throw by RF
Batting: SHB Bob Unruh 0-0: Ball
1-0: Ball
2-0: Fly out, F5 (Line Drive, 56, EV 62.5 MPH)
Batting: RHB Jimmy Knudson 0-0: Called Strike
0-1: Swinging Strike
0-2: Ball
1-2: Ball
2-2: Ball
3-2: Grounds into double play, 6-4-3 (Groundball, 6, EV 86.9 MPH)
Top of the 1st over - 0 runs, 1 hit, 0 errors, 1 left on base; Seattle (Rk+) 0 - Grand Junction 0
BOTTOM OF THE 1ST
Grand Junction Rockies batting - Pitching for Seattle (Rk+) Mariners : LHP Andre Georges
Pitching: LHP Andre Georges
Batting: RHB Jim Strickland 0-0: Called Strike
0-1: Ball
1-1: Called Strike
1-2: Fly out, F3 (Popup, 3F, EV 61.3 MPH)
Batting: LHB Marco Diaz 0-0: Ball
1-0: Called Strike
1-1: Ground out 4-3 (Groundball, 4MD, EV 98.1 MPH)
Batting: RHB Ryan Steele 0-0: Foul Ball, location: 7LSF
0-1: Ball
1-1: DOUBLE (Flyball, 78D, EV 100.0 MPH)
Batting: RHB Mike Frazier 0-0: Ball
1-0: Ground out U3 (Groundball, 34, EV 106.9 MPH)
Bottom of the 1st over - 0 runs, 1 hit, 0 errors, 1 left on base; Seattle (Rk+) 0 - Grand Junction 0
TOP OF THE 2ND
Seattle (Rk+) Mariners batting - Pitching for Grand Junction Rockies : RHP Josh Hatmaker
Batting: RHB Seth Sprague 0-0: Called Strike
0-1: Ball
1-1: Called Strike
1-2: Strikes out swinging
Batting: RHB Carlos Yanez 0-0: Ball
1-0: Fly out, F8 (Flyball, 8LM, EV 92.5 MPH)
Batting: RHB Clint Roth 0-0: Ball
1-0: Called Strike
1-1: Called Strike
1-2: Strikes out swinging
Top of the 2nd over - 0 runs, 0 hits, 0 errors, 0 left on base; Seattle (Rk+) 0 - Grand Junction 0
BOTTOM OF THE 2ND
Grand Junction Rockies batting - Pitching for Seattle (Rk+) Mariners : LHP Andre Georges
Batting: LHB Enrique Castillo 0-0: Ball
1-0: Ball
2-0: Ground out 6-3 (Groundball, 6MD, EV 97.5 MPH)
Batting: SHB Felix Verjano 0-0: Called Strike
0-1: Ball
1-1: Ball
2-1: Ball
3-1: Base on Balls
Batting: LHB Tyrell Maclin 0-0: Foul Ball, location: 2F
0-1: Foul Ball, location: 3F
0-2: Ball
1-2: Ball
2-2: Strikes out swinging
Batting: RHB Cal Busby 0-0: Ball
1-0: Swinging Strike
1-1: Ball
2-1: Ball
3-1: Ground out U3 (Groundball, 3L, EV 101.9 MPH)
Bottom of the 2nd over - 0 runs, 0 hits, 0 errors, 1 left on base; Seattle (Rk+) 0 - Grand Junction 0
TOP OF THE 3RD
Seattle (Rk+) Mariners batting - Pitching for Grand Junction Rockies : RHP Josh Hatmaker
Batting: RHB Danny Torpey 0-0: Foul Ball, location: 9LSFF
0-1: Ball
1-1: Ball
2-1: Ball
3-1: Foul Ball, location: 2F
3-2: Foul Ball, location: 9LSF
3-2: Foul Ball, location: 9LSF
3-2: Base on Balls
Batting: RHB Ryan Arroyo 0-0: Bunted foul
0-1: Ball
1-1: Sac Bunt to P - play at first, batter OUT! 1-3
Danny Torpey to second
Batting: RHB Frank Gregg 0-0: Ball
1-0: Foul Ball, location: 5SF
1-1: Called Strike
1-2: Strikes out swinging
Batting: LHB Carlos Garcia 0-0: Ball
1-0: Foul Ball, location: 3SF
1-1: Ball
2-1: Called Strike
2-2: 2-RUN HOME RUN (Flyball, 7D, EV 100.6 MPH), Distance : 392 ft
Batting: SHB Bob Unruh 0-0: Called Strike
0-1: Called Strike
0-2: Foul Ball, location: 25F
0-2: Ball
1-2: Ball
2-2: Foul Ball, location: 7LDF
2-2: Strikes out swinging
Top of the 3rd over - 2 runs, 1 hit, 0 errors, 0 left on base; Seattle (Rk+) 2 - Grand Junction 0
BOTTOM OF THE 3RD
Grand Junction Rockies batting - Pitching for Seattle (Rk+) Mariners : LHP Andre Georges
Batting: LHB Dustin Swafford 0-0: Called Strike
0-1: Ball
1-1: Foul Ball, location: 2F
1-2: Foul Ball, location: 5SF
1-2: Ball
2-2: SINGLE (Groundball, 6M, EV 106.3 MPH) (infield hit)
Batting: RHB Jim Strickland 0-0: Sac Bunt to 13 - play at first, batter OUT! 1-3
Dustin Swafford to second
Batting: LHB Marco Diaz 0-0: Fly out, F4 (Line Drive, 4, EV 75.6 MPH)
Lined into DP, 4-6 (Line Drive, 4, EV 75.6 MPH)
Bottom of the 3rd over - 0 runs, 1 hit, 0 errors, 0 left on base; Seattle (Rk+) 2 - Grand Junction 0
TOP OF THE 4TH
Seattle (Rk+) Mariners batting - Pitching for Grand Junction Rockies : RHP Josh Hatmaker
Batting: RHB Jimmy Knudson 0-0: Foul Ball, location: 7LSF
0-1: Ball
1-1: Ball
2-1: Foul Ball, location: 3FF
2-2: Strikes out swinging
Batting: RHB Seth Sprague 0-0: Ball
1-0: Ball
2-0: Ground out 4-3 (Groundball, 4, EV 83.1 MPH)
Batting: RHB Carlos Yanez 0-0: Ball
1-0: Swinging Strike
1-1: Ball
2-1: Foul Ball, location: 9LDF
2-2: Ball
3-2: Foul Ball, location: 9LSF
3-2: Strikes out swinging
Top of the 4th over - 0 runs, 0 hits, 0 errors, 0 left on base; Seattle (Rk+) 2 - Grand Junction 0
BOTTOM OF THE 4TH
Grand Junction Rockies batting - Pitching for Seattle (Rk+) Mariners : LHP Andre Georges
Batting: RHB Ryan Steele 0-0: Ball
1-0: Fly out, F6 (Popup, 4MD, EV 61.9 MPH)
Batting: RHB Mike Frazier 0-0: SINGLE (Groundball, 56D, EV 102.5 MPH)
Batting: LHB Enrique Castillo 0-0: SINGLE (Line Drive, 4M, EV 101.9 MPH)
Mike Frazier to second
Batting: SHB Felix Verjano 0-0: Ball
1-0: Grounds into double play, 2-4-3 (Groundball, 15S, EV 66.9 MPH)
Bottom of the 4th over - 0 runs, 2 hits, 0 errors, 1 left on base; Seattle (Rk+) 2 - Grand Junction 0
TOP OF THE 5TH
Seattle (Rk+) Mariners batting - Pitching for Grand Junction Rockies : RHP Josh Hatmaker
Batting: RHB Clint Roth 0-0: Called Strike
0-1: Fly out, F4 (Popup, 34D, EV 71.9 MPH)
Batting: RHB Danny Torpey 0-0: Ball
1-0: Ball
2-0: Called Strike
2-1: Fly out, F8 (Flyball, 8RM, EV 95.0 MPH)
Batting: RHB Ryan Arroyo 0-0: Called Strike
0-1: Foul Ball, location: 7LMF
0-2: DOUBLE (Line Drive, 9LM, EV 109.4 MPH)
Batting: RHB Frank Gregg 0-0: Ball
1-0: SINGLE (Line Drive, 34D, EV 106.3 MPH)
Ryan Arroyo to third
Pitching: RHP Tony Feliz
Batting: LHB Carlos Garcia 0-0: TRIPLE (Line Drive, 89XD, EV 100.0 MPH)
Ryan Arroyo scores
Frank Gregg scores
Batting: SHB Bob Unruh 0-0: Foul Ball, location: 2F
0-1: DOUBLE (Line Drive, 3D, EV 103.8 MPH)
Carlos Garcia scores
Batting: RHB Jimmy Knudson 0-0: Ground out 4-3 (Groundball, 4MD, EV 94.4 MPH)
Top of the 5th over - 3 runs, 4 hits, 0 errors, 1 left on base; Seattle (Rk+) 5 - Grand Junction 0
BOTTOM OF THE 5TH
Grand Junction Rockies batting - Pitching for Seattle (Rk+) Mariners : LHP Andre Georges
Batting: LHB Tyrell Maclin 0-0: Ball
1-0: Called Strike
1-1: Ground out U3 (Groundball, 3, EV 88.1 MPH)
Batting: RHB Cal Busby 0-0: Ball
1-0: SINGLE (Line Drive, 8LS, EV 87.5 MPH)
Batting: LHB Dustin Swafford 0-0: Called Strike
0-1: DOUBLE (Line Drive, 7LS, EV 96.3 MPH)
Cal Busby to third
Batting: RHB Jim Strickland 0-0: Called Strike
0-1: Ball
1-1: Ball
2-1: TRIPLE (Flyball, 8LXD, EV 106.3 MPH)
Cal Busby scores
Dustin Swafford scores
Batting: LHB Marco Diaz 0-0: Foul Ball, location: 2F
0-1: Swinging Strike
0-2: Ball
1-2: Fly out, F9 (Flyball, 9, EV 84.4 MPH)
Runner from 3rd tags up, OUT at HOME! 9-2
Bottom of the 5th over - 2 runs, 3 hits, 0 errors, 0 left on base; Seattle (Rk+) 5 - Grand Junction 2
TOP OF THE 6TH
Seattle (Rk+) Mariners batting - Pitching for Grand Junction Rockies : RHP Tony Feliz
Batting: RHB Seth Sprague 0-0: Ball
1-0: Called Strike
1-1: Foul Ball, location: 7LMFF
1-2: Ball
2-2: Strikes out swinging
Batting: RHB Carlos Yanez 0-0: Ball
1-0: Called Strike
1-1: Swinging Strike
1-2: Ball
2-2: Ball
3-2: DOUBLE (Flyball, 8LD, EV 95.0 MPH)
Batting: RHB Clint Roth 0-0: SINGLE (Groundball, 6MD, EV 98.8 MPH)
Carlos Yanez to third
Batting: RHB Danny Torpey 0-0: SINGLE (Line Drive, 9S, EV 102.5 MPH)
Carlos Yanez scores
Clint Roth to second
Batting: RHB Ryan Arroyo 0-0: Called Strike
0-1: Swinging Strike
0-2: Foul Ball, location: 9LSF
0-2: Strikes out looking
Batting: RHB Frank Gregg 0-0: Ball
1-0: Ball
2-0: Called Strike
2-1: Foul Ball, location: 5SF
2-2: Foul Ball, location: 5F
2-2: Foul Ball, location: 2F
2-2: Foul Ball, location: 2F
2-2: Foul Ball, location: 2F
2-2: Ball
3-2: Strikes out swinging
Top of the 6th over - 1 run, 3 hits, 0 errors, 2 left on base; Seattle (Rk+) 6 - Grand Junction 2
BOTTOM OF THE 6TH
Grand Junction Rockies batting - Pitching for Seattle (Rk+) Mariners : LHP Andre Georges
Batting: RHB Ryan Steele 0-0: Called Strike
0-1: Ball
1-1: Swinging Strike
1-2: Foul Ball, location: 2F
1-2: Ball
2-2: Ball
3-2: Foul Ball, location: 2F
3-2: Base on Balls
Batting: RHB Mike Frazier 0-0: Foul Ball, location: 25FF
0-1: TRIPLE (Flyball, 89XD, EV 98.1 MPH)
Ryan Steele scores
Batting: LHB Enrique Castillo 0-0: Swinging Strike
0-1: Ball
1-1: Ball
2-1: Ball
3-1: Foul Ball, location: 7LMF
3-2: Base on Balls
Pitching: RHP Eric Needham
Batting: SHB Felix Verjano 0-0: Called Strike
0-1: SINGLE (Groundball, 3D, EV 85.0 MPH) (infield hit)
Mike Frazier scores
Enrique Castillo to second
Batting: LHB Tyrell Maclin 0-0: Called Strike
0-1: Ball
1-1: Foul Ball, location: 2F
1-2: Strikes out swinging
Batting: RHB Cal Busby 0-0: Called Strike
0-1: Ball
1-1: Called Strike
1-2: Strikes out swinging
Batting: LHB Dustin Swafford 0-0: Foul Ball, location: 2LF
0-1: Called Strike
0-2: Ball
1-2: Strikes out swinging
Bottom of the 6th over - 2 runs, 2 hits, 0 errors, 2 left on base; Seattle (Rk+) 6 - Grand Junction 4
TOP OF THE 7TH
Seattle (Rk+) Mariners batting - Pitching for Grand Junction Rockies : RHP Tony Feliz
Pitching: LHP Rafael Figueroa
Batting: LHB Carlos Garcia 0-0: Ball
1-0: Foul Ball, location: 7LMF
1-1: Swinging Strike
1-2: SINGLE (Line Drive, 8LS, EV 96.9 MPH)
Pitching: RHP Dustin McLeran
Batting: SHB Bob Unruh 0-0: Called Strike
0-1: DOUBLE (Line Drive, 7LM, EV 99.4 MPH)
Carlos Garcia to third
Batting: RHB Jimmy Knudson 0-0: Called Strike
0-1: Swinging Strike
0-2: Ball
1-2: Ball
2-2: Ball
3-2: Foul Ball, location: 5SF
3-2: Base on Balls
Pinch Hitting: LHB Gary Binnowee 0-0: Ball
1-0: Foul Ball, location: 5DF
1-1: Swinging Strike
1-2: Strikes out swinging
Batting: RHB Carlos Yanez 0-0: Called Strike
0-1: Called Strike
0-2: Ball
1-2: Ball
2-2: SINGLE (Line Drive, 5D, EV 110.0 MPH)
Carlos Garcia scores
Bob Unruh to third
Jimmy Knudson to second
Batting: RHB Clint Roth 0-0: Ball
1-0: Ball
2-0: Called Strike
2-1: Fly out, F9 (Flyball, 9, EV 82.5 MPH)
Runner from 3rd tags up, OUT at HOME! 9-2
Top of the 7th over - 1 run, 3 hits, 0 errors, 2 left on base; Seattle (Rk+) 7 - Grand Junction 4
BOTTOM OF THE 7TH
Grand Junction Rockies batting - Pitching for Seattle (Rk+) Mariners : RHP Eric Needham
Pitching: LHP Chad Morss
Now in CF: Nate Cheek
Batting: RHB Jim Strickland 0-0: Called Strike
0-1: Ball
1-1: Ground out 5-3 (Groundball, 56, EV 100.0 MPH)
Batting: LHB Marco Diaz 0-0: Called Strike
0-1: Ball
1-1: Ball
2-1: TRIPLE (Line Drive, 89XD, EV 106.3 MPH)
Batting: RHB Ryan Steele 0-0: Fly out, F6 (Line Drive, 6MD, EV 73.8 MPH)
Batting: RHB Mike Frazier 0-0: Called Strike
0-1: Foul Ball, location: 2F
0-2: Ground out 6-3 (Groundball, 6, EV 83.8 MPH)
Bottom of the 7th over - 0 runs, 1 hit, 0 errors, 1 left on base; Seattle (Rk+) 7 - Grand Junction 4
TOP OF THE 8TH
Seattle (Rk+) Mariners batting - Pitching for Grand Junction Rockies : RHP Dustin McLeran
Pitching: RHP Jayden Thompson
Batting: RHB Danny Torpey 0-0: Foul Ball, location: 23F
0-1: Called Strike
0-2: Ball
1-2: Ball
2-2: Fly out, F5 (Popup, 5SF, EV 68.8 MPH)
Batting: RHB Ryan Arroyo 0-0: Ball
1-0: Ball
2-0: Called Strike
2-1: Fly out, F8 (Flyball, 8LS, EV 99.4 MPH)
Batting: RHB Frank Gregg 0-0: Called Strike
0-1: Called Strike
0-2: Ball
1-2: Strikes out swinging
Top of the 8th over - 0 runs, 0 hits, 0 errors, 0 left on base; Seattle (Rk+) 7 - Grand Junction 4
BOTTOM OF THE 8TH
Grand Junction Rockies batting - Pitching for Seattle (Rk+) Mariners : LHP Chad Morss
Pinch Hitting: RHB Chad Nito 0-0: Called Strike
0-1: Ball
1-1: Foul Ball, location: 9LSF
1-2: Foul Ball, location: 9LDF
1-2: Strikes out swinging
Batting: SHB Felix Verjano 0-0: Ball
1-0: Ball
2-0: Fly out, F8 (Flyball, 8LM, EV 93.1 MPH)
Pinch Hitting: RHB Joe Wagner 0-0: Ball
1-0: Called Strike
1-1: Ball
2-1: SINGLE (Line Drive, 4D, EV 101.9 MPH)
Batting: RHB Cal Busby 0-0: Ball
1-0: Ball
2-0: Ground out 4-3 (Groundball, 13, EV 76.3 MPH)
Bottom of the 8th over - 0 runs, 1 hit, 0 errors, 1 left on base; Seattle (Rk+) 7 - Grand Junction 4
TOP OF THE 9TH
Seattle (Rk+) Mariners batting - Pitching for Grand Junction Rockies : RHP Jayden Thompson
Now at 1B: Chad Nito
Now at 3B: Eric Benjamin
Batting: LHB Carlos Garcia 0-0: Foul Ball, location: 7LDF
0-1: Called Strike
0-2: Ball
1-2: Hit by Pitch
Batting: SHB Bob Unruh 0-0: TRIPLE (Line Drive, 89XD, EV 103.8 MPH)
Carlos Garcia scores
Batting: RHB Jimmy Knudson 0-0: Ball
1-0: Ball
2-0: Foul Ball, location: 3FF
2-1: Foul Ball, location: 7LDF
2-2: Foul Ball, location: 3SF
2-2: Foul Ball, location: 3F
2-2: 2-RUN HOME RUN (Flyball, 7D, EV 96.9 MPH), Distance : 385 ft
Pitching: RHP Angelo Caraballo
Batting: RHB Nate Cheek 0-0: Called Strike
0-1: Swinging Strike
0-2: Strikes out swinging
Batting: RHB Carlos Yanez 0-0: Called Strike
0-1: Foul Ball, location: 5F
0-2: Fly out, F7 (Flyball, 7, EV 88.8 MPH)
Batting: RHB Clint Roth 0-0: Called Strike
0-1: Ball
1-1: Foul Ball, location: 2F
1-2: Ball
2-2: Ground out 4-3 (Groundball, 4, EV 87.5 MPH)
Top of the 9th over - 3 runs, 2 hits, 0 errors, 0 left on base; Seattle (Rk+) 10 - Grand Junction 4
BOTTOM OF THE 9TH
Grand Junction Rockies batting - Pitching for Seattle (Rk+) Mariners : LHP Chad Morss
Pinch Hitting: RHB Ernesto Guerrero 0-0: Called Strike
0-1: Ground out 4-3 (Groundball, 34, EV 94.4 MPH)
Batting: RHB Jim Strickland 0-0: Called Strike
0-1: Foul Ball, location: 5F
0-2: Foul Ball, location: 7LDF
0-2: Foul Ball, location: 2F
0-2: Fly out, F7 (Flyball, 78M, EV 90.6 MPH)
Batting: LHB Marco Diaz 0-0: Ball
1-0: Ball
2-0: Ball
3-0: Called Strike
3-1: Foul Ball, location: 5DF
3-2: Strikes out looking
Bottom of the 9th over - 0 runs, 0 hits, 0 errors, 0 left on base; Seattle (Rk+) 10 - Grand Junction 4
Monday, May 13th , 2024 - OOTP Baseball 24.11 Build 85